BR (22 & UNDER)
SANTA CLARITA MUSIC @ SAN FRANCISCO MACHO MEN
07/17/2028
 
TOP OF THE 1ST
Santa Clarita Music batting - Pitching for San Francisco Macho Men : RHP Juan Salazar
Pitching: RHP Juan Salazar
Batting: RHB Luis Suárez 0-0: Ball
1-0: Called Strike
1-1: Ball
2-1: SOLO HOME RUN (Line Drive, 7D), Distance : 382 ft
Batting: RHB António Martínez 0-0: Called Strike
0-1: Ball
1-1: Called Strike
1-2: Foul Ball, location: 2F
1-2: Ball
2-2: SINGLE (Groundball, 6MD)
Batting: RHB Rickey Núńez 0-0: Ball
1-0: Ball
2-0: Called Strike
2-1: Swinging Strike
2-2: Strikes out swinging
Batting: LHB Francisco Blanco 0-0: Ball
1-0: Foul Ball, location: 2F
1-1: Ball
2-1: Foul Ball, location: 2F
2-2: SINGLE (Groundball, 56D)
António Martínez to second
Batting: LHB Ben Donaldson 0-0: Swinging Strike
0-1: Called Strike
0-2: Strikes out swinging
Batting: SHB Pedro Rodríguez 0-0: Called Strike
0-1: Fly out, F8 (Flyball, 8LM)
Top of the 1st over - 1 run(s), 3 hit(s), 0 error(s), 2 left on base; Santa Clarita 1 - San Francisco 0
BOTTOM OF THE 1ST
San Francisco Macho Men batting - Pitching for Santa Clarita Music : LHP Jorge Gatán
Pitching: LHP Jorge Gatán
Batting: RHB Júlio Serra 0-0: DOUBLE (Flyball, 78M)
Batting: RHB Phil Rowlett 0-0: Called Strike
0-1: Ball
1-1: Foul Ball, location: 2F
1-2: Ball
2-2: Ground out 4-3 (Groundball, 4S)
Júlio Serra to third
Batting: LHB Ernesto Hernández 0-0: Foul Ball, location: 2F
0-1: Ball
1-1: Foul Ball, location: 2F
1-2: Foul Ball, location: 2F
1-2: Ball
2-2: Ball
3-2: Foul Ball, location: 2F
3-2: SINGLE (Flyball, 7LS)
Júlio Serra scores
Batting: RHB Ánibal López 0-0: Ball
1-0: Called Strike
1-1: Fly out, F8 (Line Drive, 8LM)
Batting: RHB Dean Oglethorpe 0-0: Ground out 1-3 (Groundball, 13)
Bottom of the 1st over - 1 run(s), 2 hit(s), 0 error(s), 1 left on base; Santa Clarita 1 - San Francisco 1
TOP OF THE 2ND
Santa Clarita Music batting - Pitching for San Francisco Macho Men : RHP Juan Salazar
Batting: RHB Greg Grant 0-0: Ball
1-0: Called Strike
1-1: Ball
2-1: SINGLE (Groundball, 56S) (infield hit)
Batting: RHB Tony Collier 0-0: Called Strike
0-1: Called Strike
0-2: SINGLE (Groundball, 6MD)
Greg Grant to second
Runner from 2nd tries for 3rd, SAFE, no throw
Batting: RHB Adam Gentry 0-0: Ball
1-0: Called Strike
1-1: Foul Ball, location: 2F
1-2: SINGLE (Groundball, 4MD)
Greg Grant scores
Tony Collier to second
Runner from 2nd tries for 3rd, SAFE, throw made to third
Batting: RHB Luis Suárez 0-0: Ball
1-0: Called Strike
1-1: Ball
2-1: Ball
3-1: SINGLE (Line Drive, 89S)
Tony Collier scores
Adam Gentry to second
Batting: RHB António Martínez 0-0: Foul Ball, location: 2F
0-1: Called Strike
0-2: Foul Ball, location: 2F
0-2: Foul Ball, location: 2F
0-2: Foul Ball, location: 2F
0-2: Fly out, F9 (Flyball, 89M)
Batting: RHB Rickey Núńez 0-0: Called Strike
Adam Gentry steals 3rd base
Luis Suárez to second
0-1: Foul Ball, location: 2F
0-2: Strikes out swinging
Batting: LHB Francisco Blanco 0-0: Ball
1-0: Foul Ball, location: 2F
1-1: Ground out 6-3 (Groundball, 6)
Top of the 2nd over - 2 run(s), 4 hit(s), 0 error(s), 2 left on base; Santa Clarita 3 - San Francisco 1
BOTTOM OF THE 2ND
San Francisco Macho Men batting - Pitching for Santa Clarita Music : LHP Jorge Gatán
Batting: RHB Lawrence Pérez 0-0: Foul Ball, location: 2F
0-1: Ground out 3-1 (Groundball, 34)
Batting: RHB Bob Jones 0-0: SINGLE (Groundball, 34S) (infield hit)
Batting: LHB Ángel De Jesús 0-0: Called Strike
0-1: Swinging Strike
0-2: Ball
1-2: Foul Ball, location: 2F
1-2: Foul Ball, location: 2F
1-2: Ball
2-2: Foul Ball, location: 2F
2-2: Grounds into double play, 6-4-3 (Groundball, 6)
Bottom of the 2nd over - 0 run(s), 1 hit(s), 0 error(s), 0 left on base; Santa Clarita 3 - San Francisco 1
TOP OF THE 3RD
Santa Clarita Music batting - Pitching for San Francisco Macho Men : RHP Juan Salazar
Batting: LHB Ben Donaldson 0-0: Swinging Strike
0-1: Called Strike
0-2: Strikes out swinging
Batting: SHB Pedro Rodríguez 0-0: Ball
1-0: Fly out, F7 (Flyball, 7S)
Batting: RHB Greg Grant 0-0: Ball
1-0: Called Strike
1-1: SINGLE (Line Drive, 56)
Batting: RHB Tony Collier 0-0: Called Strike
0-1: Ball
1-1: Ball
2-1: Swinging Strike
2-2: Reached on error, E5 (Groundball, 5L)
Greg Grant to second
Batting: RHB Adam Gentry 0-0: Ground out 3-1 (Groundball, 34)
Top of the 3rd over - 0 run(s), 1 hit(s), 1 error(s), 2 left on base; Santa Clarita 3 - San Francisco 1
BOTTOM OF THE 3RD
San Francisco Macho Men batting - Pitching for Santa Clarita Music : LHP Jorge Gatán
Batting: RHB Daniel Bennett 0-0: Swinging Strike
0-1: Called Strike
0-2: Strikes out swinging
Batting: RHB Júlio Serra 0-0: Called Strike
0-1: Ball
1-1: Ground out 6-3 (Groundball, 56)
Batting: RHB Phil Rowlett 0-0: Called Strike
0-1: Ball
1-1: Called Strike
1-2: Fly out, F8 (Flyball, 8LS)
Bottom of the 3rd over - 0 run(s), 0 hit(s), 0 error(s), 0 left on base; Santa Clarita 3 - San Francisco 1
TOP OF THE 4TH
Santa Clarita Music batting - Pitching for San Francisco Macho Men : RHP Juan Salazar
Batting: RHB Luis Suárez 0-0: Called Strike
0-1: Ball
1-1: Called Strike
1-2: Strikes out swinging
Batting: RHB António Martínez 0-0: Called Strike
0-1: Ball
1-1: Ball
2-1: Swinging Strike
2-2: Strikes out looking
Batting: RHB Rickey Núńez 0-0: Foul Ball, location: 2F
0-1: Fly out, F9 (Flyball, 9D)
Top of the 4th over - 0 run(s), 0 hit(s), 0 error(s), 0 left on base; Santa Clarita 3 - San Francisco 1
BOTTOM OF THE 4TH
San Francisco Macho Men batting - Pitching for Santa Clarita Music : LHP Jorge Gatán
Batting: LHB Ernesto Hernández 0-0: Ball
1-0: Foul Ball, location: 2F
1-1: Called Strike
1-2: Ball
2-2: Foul Ball, location: 2F
2-2: Ball
3-2: Fly out, F4 (Popup, 34S)
Batting: RHB Ánibal López 0-0: Called Strike
0-1: Ball
1-1: SINGLE (Flyball, 8RS)
Batting: RHB Dean Oglethorpe 0-0: Swinging Strike
0-1: Fly out, F8 (Line Drive, 8LXD)
Batting: RHB Lawrence Pérez 0-0: Swinging Strike
0-1: Ball
1-1: SINGLE (Groundball, 3D)
Ánibal López to second
Runner from 2nd tries for 3rd, SAFE, throw made to third
Batting: RHB Bob Jones 0-0: SINGLE (Line Drive, 56D)
Ánibal López scores
Lawrence Pérez to second
Batting: LHB Ángel De Jesús 0-0: Fly out, F9 (Flyball, 9S)
Bottom of the 4th over - 1 run(s), 3 hit(s), 0 error(s), 2 left on base; Santa Clarita 3 - San Francisco 2
TOP OF THE 5TH
Santa Clarita Music batting - Pitching for San Francisco Macho Men : RHP Juan Salazar
Batting: LHB Francisco Blanco 0-0: Ball
1-0: Swinging Strike
1-1: Foul Ball, location: 2F
1-2: Foul Ball, location: 2F
1-2: Ground out 1-3 (Groundball, 13)
Pitching: RHP José Amaya
Batting: LHB Ben Donaldson 0-0: Ball
1-0: Called Strike
1-1: Ball
2-1: Fly out, F7 (Flyball, 7)
Batting: SHB Pedro Rodríguez 0-0: Ground out 5-3 (Groundball, 56)
Top of the 5th over - 0 run(s), 0 hit(s), 0 error(s), 0 left on base; Santa Clarita 3 - San Francisco 2
BOTTOM OF THE 5TH
San Francisco Macho Men batting - Pitching for Santa Clarita Music : LHP Jorge Gatán
Batting: RHB Daniel Bennett 0-0: Swinging Strike
0-1: Foul Ball, location: 2F
0-2: Strikes out looking
Batting: RHB Júlio Serra 0-0: Called Strike
0-1: Foul Ball, location: 2F
0-2: SINGLE (Line Drive, 78M)
Batting: RHB Phil Rowlett 0-0: Called Strike
0-1: Foul Ball, location: 2F
0-2: Ball
1-2: Foul Ball, location: 2F
1-2: Ball
2-2: Ball
3-2: Foul Ball, location: 2F
3-2: Base on Balls
Júlio Serra to second
Pitching: RHP Julián García
Batting: LHB Ernesto Hernández 0-0: Called Strike
0-1: Ball
1-1: Foul Ball, location: 2F
1-2: Strikes out swinging
Batting: RHB Ánibal López 0-0: Called Strike
0-1: 3-RUN HOME RUN (Flyball, 7LD), Distance : 356 ft
Batting: RHB Dean Oglethorpe 0-0: Called Strike
0-1: SINGLE (Flyball, 7LS)
Batting: RHB Lawrence Pérez 0-0: Ball
1-0: Called Strike
1-1: Ball
2-1: Ball
3-1: Foul Ball, location: 2F
3-2: Strikes out swinging
Bottom of the 5th over - 3 run(s), 3 hit(s), 0 error(s), 1 left on base; Santa Clarita 3 - San Francisco 5
TOP OF THE 6TH
Santa Clarita Music batting - Pitching for San Francisco Macho Men : RHP José Amaya
Batting: RHB Greg Grant 0-0: Ball
1-0: Called Strike
1-1: Ground out 5-3 (Groundball, 56S)
Batting: RHB Tony Collier 0-0: SINGLE (Groundball, 56D)
Batting: RHB Adam Gentry Pickoff Throw to First - Error! E1
Tony Collier to second
0-0: Called Strike
0-1: SINGLE (Groundball, 56S) (infield hit)
Tony Collier to third
Batting: RHB Luis Suárez 0-0: Ball
1-0: Called Strike
1-1: Called Strike
1-2: Fly out, F9 (Flyball, 9LS)
Runner from 3rd tags up, SCORES, no throw
Batting: RHB António Martínez 0-0: Ball
1-0: Ball
2-0: Foul Ball, location: 2F
2-1: Foul Ball, location: 2F
2-2: Ball
3-2: Ground out 6-3 (Groundball, 6)
Top of the 6th over - 1 run(s), 2 hit(s), 1 error(s), 1 left on base; Santa Clarita 4 - San Francisco 5
BOTTOM OF THE 6TH
San Francisco Macho Men batting - Pitching for Santa Clarita Music : RHP Julián García
Batting: RHB Bob Jones 0-0: Ball
1-0: Foul Ball, location: 2F
1-1: Foul Ball, location: 2F
1-2: Fly out, F8 (Line Drive, 8LM)
Batting: LHB Ángel De Jesús 0-0: Ball
1-0: Called Strike
1-1: Ground out 4-3 (Groundball, 4MS)
Batting: RHB Daniel Bennett 0-0: Called Strike
0-1: Swinging Strike
0-2: Strikes out looking
Bottom of the 6th over - 0 run(s), 0 hit(s), 0 error(s), 0 left on base; Santa Clarita 4 - San Francisco 5
TOP OF THE 7TH
Santa Clarita Music batting - Pitching for San Francisco Macho Men : RHP José Amaya
Batting: RHB Rickey Núńez 0-0: Ball
1-0: Fly out, F7 (Flyball, 78M)
Batting: LHB Francisco Blanco 0-0: Called Strike
0-1: Foul Ball, location: 2F
0-2: Ball
1-2: Strikes out swinging
Batting: LHB Ben Donaldson 0-0: SINGLE (Groundball, 34D)
Pinch Hitting: SHB Ramiro Medrano 0-0: Called Strike
0-1: Ball
1-1: Foul Ball, location: 2F
1-2: Ball
2-2: Ball
3-2: Reached via error on a dropped throw, E1
Ben Donaldson to second
Pinch Hitting: RHB Jesús Morales 0-0: Called Strike
0-1: Fly out, F8 (Flyball, 89D)
Top of the 7th over - 0 run(s), 1 hit(s), 1 error(s), 2 left on base; Santa Clarita 4 - San Francisco 5
BOTTOM OF THE 7TH
San Francisco Macho Men batting - Pitching for Santa Clarita Music : RHP Julián García
Now at SS: Jesús Morales
Now in RF: Ramiro Medrano
Batting: RHB Júlio Serra 0-0: Ball
1-0: Fly out, F8 (Line Drive, 78M)
Batting: RHB Phil Rowlett 0-0: Ball
1-0: Called Strike
1-1: Swinging Strike
1-2: Strikes out swinging
Batting: LHB Ernesto Hernández 0-0: Swinging Strike
0-1: Ball
1-1: Called Strike
1-2: Ball
2-2: Fly out, F7 (Flyball, 7S)
Bottom of the 7th over - 0 run(s), 0 hit(s), 0 error(s), 0 left on base; Santa Clarita 4 - San Francisco 5
TOP OF THE 8TH
Santa Clarita Music batting - Pitching for San Francisco Macho Men : RHP José Amaya
Now in CF: Bartolo Baruffaldi
Batting: RHB Tony Collier 0-0: Fly out, F6 (Popup, 56D)
Batting: RHB Adam Gentry 0-0: Ball
1-0: Foul Ball, location: 2F
1-1: Foul Ball, location: 2F
1-2: Ball
2-2: Foul Ball, location: 2F
2-2: Strikes out swinging
Batting: RHB Luis Suárez 0-0: Ball
1-0: Ball
2-0: Called Strike
2-1: Ball
3-1: Swinging Strike
3-2: DOUBLE (Popup, 34D)
Batting: RHB António Martínez 0-0: Ball
1-0: Swinging Strike
1-1: Foul Ball, location: 2F
1-2: Foul Ball, location: 2F
1-2: Ball
2-2: Ball
3-2: Strikes out looking
Top of the 8th over - 0 run(s), 1 hit(s), 0 error(s), 1 left on base; Santa Clarita 4 - San Francisco 5
BOTTOM OF THE 8TH
San Francisco Macho Men batting - Pitching for Santa Clarita Music : RHP Julián García
Batting: RHB Ánibal López 0-0: Called Strike
0-1: Foul Ball, location: 2F
0-2: Strikes out swinging
Batting: RHB Dean Oglethorpe 0-0: Called Strike
0-1: SINGLE (Groundball, 56S) (infield hit)
Pinch Hitting: RHB Nelson Burton 0-0: Ball
1-0: Called Strike
1-1: Called Strike
1-2: Strikes out swinging
Batting: RHB Bob Jones 0-0: Ball
1-0: Ball
2-0: Swinging Strike
2-1: Foul Ball, location: 2F
2-2: Strikes out swinging
Bottom of the 8th over - 0 run(s), 1 hit(s), 0 error(s), 1 left on base; Santa Clarita 4 - San Francisco 5
TOP OF THE 9TH
Santa Clarita Music batting - Pitching for San Francisco Macho Men : RHP José Amaya
Pitching: RHP Carlos Martínez
Now at 3B: Armando Alomar
Batting: RHB Rickey Núńez 0-0: Foul Ball, location: 2F
0-1: Foul Ball, location: 2F
0-2: Foul Ball, location: 2F
0-2: SINGLE (Groundball, 6D)
Batting: LHB Francisco Blanco 0-0: SINGLE (Line Drive, 7S)
Rickey Núńez to second
Batting: LHB Ben Donaldson 0-0: Called Strike
0-1: Ball
1-1: Swinging Strike
1-2: Strikes out looking
Batting: SHB Ramiro Medrano 0-0: Ball
1-0: Ball
2-0: Called Strike
2-1: Fly out, F7 (Line Drive, 7)
Batting: RHB Jesús Morales 0-0: Called Strike
0-1: Foul Ball, location: 2F
0-2: Foul Ball, location: 2F
0-2: Ball
1-2: Ground out 6-3 (Groundball, 56)
Top of the 9th over - 0 run(s), 2 hit(s), 0 error(s), 2 left on base; Santa Clarita 4 - San Francisco 5
Tuesday, August 8th, 2017 - OOTP Baseball 17.12 Build 75